AoeStats
← Ruipue

Pilgrims

510023509Analyzed
4v4 RM · 3d ago on Sep 29, 2026· 37m 35s· 8 players
Game mode
Random Map
Map size
Large (8 player)
Population
200
Speed
Normal
Resources
Standard
Victory
Conquest
Starting age
Dark Age
Ending age
Imperial Age
RankedLock teamsTeams togetherTeam positionsShared explorationLock speedFull tech treeHidden civsTurbo modeCheats
Victory
Defeat
🇦🇷 Franks · Argentina
994
+15
🇨🇳 Spanish · China
986
+15
🇨🇱 Romans · Chile
909
+18
🇵🇪 Portuguese · Peru
851
+21
🇺🇸 Mongols · United States
975
-18
🇭🇰 Franks · Hong Kong SAR China
972
-18
🇸🇬 Malay · Singapore
966
-17
🇨🇦 Spanish · Canada
927
-16
614Superdry
8:22 Loom
10:35 Feudal Age
15:23 Fishing Lines
20:51 Castle Age
21:23 Gold Mining
22:31 Stone Mining
22:29 Double-Bit Axe
23:55 Wheelbarrow
22:57 Demolition Ship
25:14 Stone Shaft Mining
27:31 Fletching
29:14 Husbandry
29:24 Bloodlines
29:25 Bodkin Arrow
31:59 Bow Saw
33:22 Ballistics
33:27 Horse Collar
rpa.sg22
5:19 Loom
11:37 Feudal Age
11:17 Fishing Lines
11:31 Double-Bit Axe
17:19 Fletching
20:19 Castle Age
19:35 Gold Mining
20:14 Medium Warships
26:03 Elite Skirmisher
31:49 Bodkin Arrow
37:01 Imperial Age
34:42 Padded Archer Armor
36:05 Wheelbarrow
35:47 Thumb Ring
yzainc
9:06 Loom
13:41 Feudal Age
16:56 Wheelbarrow
19:54 Castle Age
18:21 Horse Collar
19:56 Bloodlines
19:59 Scale Barding Armor
19:59 Double-Bit Axe
22:41 Husbandry
25:34 Chain Barding Armor
26:50 Heavy Plow
28:41 Fletching
28:52 Padded Archer Armor
32:40 Bodkin Arrow
33:10 Ballistics
34:00 Leather Archer Armor
39:43 Imperial Age
2487664814
7:58 Loom
8:26 Loom
15:34 Feudal Age
17:31 Double-Bit Axe
21:45 Castle Age
20:52 Stone Mining
23:06 Bow Saw
23:59 Wheelbarrow
23:31 Gold Mining
28:22 Hand Cart
33:41 Hand Cart
34:47 Town Watch
38:16 Imperial Age
36:33 Fortified Wall
36:34 Masonry
37:12 Town Watch
37:05 Light Cavalry
37:55 Scale Barding Armor
OSITOCRACKYT
8:39 Loom
14:01 Feudal Age
18:32 Castle Age
17:57 Double-Bit Axe
20:06 Fletching
21:01 Bodkin Arrow
27:19 Bow Saw
28:58 Husbandry
29:10 Bloodlines
33:54 Ballistics
40:25 Imperial Age
Ruipue
3:00 Loom
11:46 Feudal Age
13:40 Wheelbarrow
13:58 Double-Bit Axe
15:43 Fishing Lines
18:08 Castle Age
18:38 Demolition Ship
19:29 Medium Warships
19:49 Gillnets
20:51 Bow Saw
23:24 Hand Cart
24:13 Gold Mining
24:14 Stone Mining
25:49 Pikeman
26:31 Squires
26:19 Town Watch
27:16 Man-at-Arms
28:29 Long Swordsman
34:49 Imperial Age
32:38 Scale Mail Armor
32:30 Fletching
33:45 Forging
33:51 Chain Mail Armor
35:11 Legionary
35:13 Halberdier
36:05 Town Patrol
35:54 Horse Collar
36:42 Heavy Warships
36:56 Gold Shaft Mining
37:01 Iron Casting
hernansl
11:08 Feudal Age
10:42 Loom
17:31 Castle Age
15:39 Double-Bit Axe
16:35 Gold Mining
18:16 Forging
20:49 Scale Barding Armor
21:35 Stone Mining
26:11 Padded Archer Armor
27:47 Wheelbarrow
32:04 Imperial Age
30:50 Gold Shaft Mining
30:18 Husbandry
30:58 Iron Casting
30:35 Squires
31:02 Scale Mail Armor
32:03 Chain Barding Armor
32:06 Pikeman
32:09 Cavalier
36:56 Blast Furnace
36:50 Chain Mail Armor
38:13 Hand Cart
猪头
12:26 Feudal Age
17:57 Castle Age
16:31 Double-Bit Axe
16:27 Horse Collar
16:40 Gold Mining
16:42 Stone Mining
17:11 Loom
20:01 Bow Saw
19:53 Heavy Plow
20:26 Fletching
22:10 Fishing Lines
31:21 Wheelbarrow
30:32 Town Watch
31:00 Scale Barding Armor
31:40 Stone Shaft Mining
31:11 Bodkin Arrow
31:27 Forging
31:21 Padded Archer Armor
35:00 Imperial Age
33:10 Masonry
33:22 Ballistics
33:31 Chain Barding Armor
33:21 Scale Mail Armor
33:59 Iron Casting
34:21 Chain Mail Armor
34:38 Squires
33:59 Pikeman
36:45 Architecture
37:53 Two-Man Saw
38:26 Conscription
Connection lost

Rejoining the realm…

Still unreachable

The connection could not be restored.

Session expired

The server has moved on; the page needs a fresh start.